 Dungeon Crawl Stone Soup version 0.29-a0-477-g62b78b4225 (webtiles) character file.

Game seed: 7146496416945060370

88 omnomnOMINOUS the Digger (level 4, -1/30 HPs)
             Began as an Octopode Wanderer on May 24, 2022.
             Was a Follower of Vehumet.
             Slain by an orc
             ... wielding a +0 war axe
              (8 damage)
             ... on level 4 of the Dungeon.
             The game lasted 00:06:01 (3169 turns).

omnomnOMINOUS the Digger (Octopode Wanderer)        Turns: 3169, Time: 00:06:02

Health: -1/30      AC:  1    Str:  9    XL:     4   Next: 54%
Magic:  5/5        EV: 13    Int: 18    God:    Vehumet [*.....]
Gold:   12         SH:  0    Dex: 11    Spells: 1/5 levels left

rFire   . . .      SeeInvis .   a - +0 dagger (elec)
rCold   . . .      Faith    .   (no shield)
rNeg    . . .      Spirit   .   b - +0 hat
rPois   +          Reflect  .   (no amulet)
rElec   .          Harm     .   q - ring of poison resistance
rCorr   .          Rampage  .   (no ring)
Will    .....                   (no ring)
Stlth   +++.......              (no ring)
HPRegen 0.10/turn               (no ring)
MPRegen 0.09/turn               (no ring)
                                (no ring)
                                (no ring)

@: no status effects
A: almost no armour, amphibious, 8 rings, camouflage 1, gelatinous body 1,
(nimble swimmer 1), tentacles
a: Renounce Religion


You were on level 4 of the Dungeon.
You worshipped Vehumet.
Vehumet was aware of your devotion.
You visited 1 branch of the dungeon, and saw 4 of its levels.

You collected 117 gold pieces.
You spent 105 gold pieces at shops.

Inventory:

Hand Weapons
 a - a +0 dagger of electrocution (weapon)
Missiles
 d - 132 stones
Armour
 b - a +0 hat (worn)
Jewellery
 q - a ring of poison resistance (left tentacle)
 u - the ring of Xintets {*Corrode Fly rN+ Dex+8}
   (You bought it in a shop on level 3 of the Dungeon)

   [ring of flight]

   Dex:       It affects your dexterity (+8).
   rN:        It protects you from negative energy.
   Fly:       It grants you flight.
   *Corrode:  It may corrode you when you take damage.
Wands
 n - a wand of charming (8)
 s - a wand of paralysis (8)
Scrolls
 f - 2 scrolls of fog {unknown}
 g - 2 scrolls of vulnerability {unknown}
 i - a scroll of amnesia {unknown}
 k - a scroll of enchant weapon {unknown}
 l - 4 scrolls of teleportation {unknown}
 m - a scroll of summoning {unknown}
 o - a scroll of identify {unknown}
 r - a scroll of enchant armour {unknown}
 t - a scroll of poison {unknown}
Potions
 c - a potion of lignification
 e - a potion of cancellation {unknown}
 h - 2 potions of heal wounds {unknown}
 j - a potion of flight {unknown}
 p - 2 potions of attraction {unknown}


   Skills:
 + Level 2.9 Fighting
 - Level 1.0 Short Blades
 + Level 2.1 Dodging
 - Level 2.6 Stealth
 - Level 1.0 Spellcasting
 + Level 1.1 Conjurations
 + Level 3.9 Earth Magic


You had one spell level left.
You knew the following spells:

 Your Spells              Type           Power      Damage    Failure   Level
a - Sandblast             Erth           30%        2d9       4%          1
b - Stone Arrow           Conj/Erth      20%        3d8       22%         3

Your spell library contained the following spells:

 Spells                   Type           Power      Damage    Failure   Level
 Freeze                   Ice            0%         1d3       21%         1
 Petrify                  Tmut/Erth      8%         N/A       65%         4


Dungeon Overview and Level Annotations

Branches:
Dungeon (4/15)
 Temple: D:4-7

Altars:
Nemelex Xobeh
Vehumet

Shops:
D:3 *


Innate Abilities, Weirdness & Mutations

You cannot wear most types of armour.
You are amphibious.
You can wear up to eight rings at the same time.
Your skin changes colour to match your surroundings (Stealth+).
Your rubbery body absorbs attacks. (AC +1, EV +1)
((You are camouflaged when in or above water. (Stealth+)))
You have tentacles for arms and can constrict up to eight enemies at once.


Message History

You hit the endoplasm.
You squeeze the endoplasm, but do no damage.
The endoplasm is heavily wounded.
The endoplasm hits you.
You hit the endoplasm but do no damage.
Lightning courses through the endoplasm!
You kill the endoplasm!
Vehumet accepts your kill.
No target in view!
No target in view!
No target in view!
No target in view!
No target in view!
HP restored.
You now have 12 gold pieces (gained 9).
An orc comes into view. It is wielding a +0 club.
Found a scroll labelled PIMORO GIXUD. 2 orcs come into view. 2 orcs come into view.
The orc shouts! x3
The orc closely misses you. The orc hits you with a +0 mace!
The orc barely misses you.
You barely miss the orc. Your grab misses the orc.
The orc hits you with a +0 war axe! The orc hits you with a +0 mace!
* * * LOW HITPOINT WARNING * * *
The orc barely misses you.
You are too injured to fight recklessly!
You are too injured to fight recklessly!
You are too injured to fight recklessly!
You are too injured to fight recklessly!
You are too injured to fight recklessly!
You are too injured to fight recklessly!
You are too injured to fight recklessly!
You are too injured to fight recklessly!
You are too injured to fight recklessly!
You are too injured to fight recklessly!
You are too injured to fight recklessly!
The orc attacks as you move away! The orc barely misses you.
The orc attacks as you move away! The orc hits you with a +0 war axe!
You die...

# #..##..# # #.####.#
.# # ##...##.# .#
###.....#.# .#
##........## .##
##.........######..####
##.......#....##?.....#
##.....#####.........#
##.....## ####@o....#
#.......# #ooo...#
#.......# #o.....#
#.......# #......#
##.....## #......#
##...## ######## #####


You could see 5 orcs.

Vanquished Creatures
  2 adders (D:2)
  A worm (D:3)
  2 dart slugs
  2 orcs (D:3)
  5 ball pythons
  8 endoplasms
  3 giant cockroaches
  11 goblins
  2 hobgoblins
  7 kobolds
  3 quokkas
  4 bats
  2 frilled lizards
  5 rats
57 creatures vanquished.

Notes
Turn   | Place    | Note
-------+----------+-------------------------------------------
     0 | D:1      | omnomnOMINOUS the Octopode Wanderer began the quest for the
                  | Orb.
     0 | D:1      | omnomnOMINOUS set off with the following items: a +0 short
                  | sword, a +0 hat, a potion of lignification, 37 stones; and
                  | the following spell memorised: Sandblast; and the following
                  | spells available to memorise: Stone Arrow, Petrify
     0 | D:1      | Reached XP level 1. HP: 14/14 MP: 2/2
   259 | D:1      | Reached XP level 2. HP: 19/19 MP: 3/3
  1138 | D:2      | Reached XP level 3. HP: 24/25 MP: 4/4
  1147 | D:2      | Learned a level 3 spell: Stone Arrow
  1745 | D:2      | Found a faded altar of an unknown god.
  1749 | D:2      | Prayed at the altar of an unknown god.
  1749 | D:2      | Became a worshipper of Vehumet
  1749 | D:2      | Reached * piety under Vehumet
  1749 | D:2      | Offered knowledge of Freeze by Vehumet.
  2002 | D:3      | Found Cetilab's Assorted Antiques.
  2005 | D:3      | Reached XP level 4. HP: 30/30 MP: 5/5
  2045 | D:3      | Noticed a phantom
  2191 | D:3      | Reached skill level 1 in Conjurations
  2797 | D:3      | Found a sparkling altar of Nemelex Xobeh.
  2996 | D:3      | Bought a scorched brass ring for 105 gold pieces
  2996 | D:3      | Identified the ring of Xintets {*Corrode Fly rN+ Dex+8}
                  | (You bought it in a shop on level 3 of the Dungeon)
  3045 | D:4      | Noticed a black bear
  3169 | D:4      | Slain by an orc

Illustrated notes

Levels and vault maps discovered:
D:1:      dpeg_arrival_rooms_with_view, layout_basic
D:2:      layout_rooms, shapermc_ecumenical_altar_hornbeckon,
          grunt_ministairs_9, minivault_25, minivault_11, dk_noncrumbling_3,
          kennysheep_pointless_box, kennysheep_another_room,
          nicolae_concentric_dashed_squares_mild
D:3:      layout_loops_ring, nemelex_dance_club_becter, serial_shops,
          nicolae_diamond_shop, kennysheep_minor_cross,
          amcnicky_mini_corridor_feature
D:4:      layout_rooms, kennysheep_generic_room_10, uniq_blork_the_orc

Skill      XL: |  1  2  3  4 |
---------------+-------------+-----
Conjurations   | 1 |  1.1
Dodging        | 2 |  2.1
Fighting       | |  2.9
Short Blades   | |  1.0
Stealth        | |  2.6
Spellcasting   | |  1.0
Earth Magic    | |  3.9

Action                   |  1- 3 |  4- 6 || total
-------------------------+-------+-------++-------
Melee: Short sword       |    39 |       ||    39
       Constrict         |    13 |     5 ||    18
       Tentacles         |     8 |     8 ||    16
       Dagger            |    23 |    41 ||    64
       Punch             |     1 |     1 ||     2
 Stab: Sleeping          |    16 |     8 ||    24
Armor: Skin              |     4 |     1 ||     5
Dodge: Dodged            |    28 |    25 ||    53

Table legend: (Time is in decaauts)
 A = Elapsed time spent in this place.
 B = Non-inter-level travel time spent in this place.
 C = Inter-level travel time spent in this place.
 D = Time resting spent in this place.
 E = Time spent auto-exploring this place.
 F = Levels seen in this place.
 G = Mean time per level.
                   A        B        C        D        E       F      G
               +--------+--------+--------+--------+--------+-----+--------+
         Total |   3168 |   2971 |    197 |    480 |   2021 |   4 |  792.0 |
       Dungeon |   3168 |   2971 |    197 |    480 |   2021 |   4 |  792.0 |
               +--------+--------+--------+--------+--------+-----+--------+

Top non-repeatable levels by time:
     D:1: 1135 daAuts
     D:3: 947 daAuts
     D:2: 923 daAuts
     D:4: 161 daAuts
